 Dungeon Crawl Stone Soup version 0.26-a0-1177-g1209ec82b9 (webtiles) character file.

Game seed: 10137388531436834177

29 sahdkjhfkaj the Sneak (level 3, -1/29 HPs)
             Began as a Vampire Wanderer on Dec 24, 2020.
             Slain by a leopard gecko (4 damage)
             ... on level 1 of the Dungeon.
             The game lasted 00:06:47 (1544 turns).

sahdkjhfkaj the Sneak (Vampire Wanderer)            Turns: 1544, Time: 00:06:48

Health: -1/29      AC:  2    Str: 11    XL:     3   Next: 1%
Magic:  0/5        EV: 11    Int: 14    God:
Gold:   68         SH:  0    Dex: 14    Spells: 2/5 levels left

rFire    . . .     SeeInvis +   a - +0 dagger
rCold    . . .     Faith    .   (no shield)
rNeg     . . .     Spirit   .   b - +0 robe
rPois    .         Reflect  .   (no helmet)
rElec    .         Harm     .   (no cloak)
rCorr    .         Rampage  .   (no gloves)
Will     .....                  (no boots)
Stlth    +++.......             (no amulet)
HPRegen  0.29/turn              (no ring)
MPRegen  0.09/turn              (no ring)

@: regenerating quickly
A: fangs 3, see invisible, unbreathing
a: Exsanguinate


You were on level 1 of the Dungeon.
You visited 1 branch of the dungeon, and saw 2 of its levels.

You collected 68 gold pieces.

Inventory:

Hand Weapons
 a - a +0 dagger (weapon)
Armour
 b - a +0 robe (worn)
Jewellery
 f - an uncursed ring of wizardry {unknown}
Scrolls
 c - a scroll of fog {unknown}
 g - a scroll of enchant armour
Potions
 e - a potion of berserk rage {unknown}
 h - a potion of lignification {unknown}
 i - a potion of flight {unknown}


   Skills:
 - Level 3.0 Fighting
 + Level 0.8 Short Blades
 - Level 4.4 Stealth
 + Level 1.6 Spellcasting
 + Level 2.5 Hexes
 - Level 1.1 Transmutations
 + Level 0.6 Ice Magic
 - Level 1.0 Evocations


You had 2 spell levels left.
You knew the following spells:

 Your Spells              Type           Power        Failure   Level
a - Ensorcelled Hibernat  Hex/Ice        10%          19%         2
b - Corona                Hex            8%           9%          1

Your spell library contained the following spells:

 Spells                   Type           Power        Failure   Level
 Shock                    Conj/Air       4%           26%         1
 Confusing Touch          Hex            8%           26%         3
 Tukima's Dance           Hex            8%           26%         3
 Dazzling Flash           Conj/Hex       8%           41%         3
 Mephitic Cloud           Conj/Pois/Air  1%           58%         3


Dungeon Overview and Level Annotations

Branches:
Dungeon (2/15)

Altars:
Elyvilon

Annotations:
D:1 Terence


Innate Abilities, Weirdness & Mutations

Your natural rate of healing is unusually fast.
You have razor-sharp teeth.
You have supernaturally acute eyesight. (SInv)
You can survive without breathing.


Message History

Aim: Terence, wielding a +0 falchion and wearing a +0 chain mail (chance to affect: 46%)
The leopard gecko resists with significant effort.
The leopard gecko bites you.
* * * LOW HITPOINT WARNING * * *
Casting: Ensorcelled Hibernation (safe; 19% risk of failure)
Confirm with . or Enter, or press ? or * to list all spells.
Aiming: Corona (safe; 9% risk of failure)
Press: ? - help, Shift-Dir - straight line, f/p - Terence
Aim: Terence, wielding a +0 falchion and wearing a +0 chain mail (chance to affect: 51%)
The leopard gecko is outlined in light.
The leopard gecko barely misses you.
You hit the leopard gecko.
The leopard gecko is almost dead.
The leopard gecko bites you but does no damage.
You barely miss the leopard gecko.
The leopard gecko is almost dead.
The leopard gecko closely misses you.
You hit the leopard gecko but do no damage.
The leopard gecko is almost dead.
The leopard gecko bites you.
You die...

######### ###
#@##.##.######.##
####l##............#
#...@##.##.######.##
#..#.....#.# #.#
#..#.......## #.# ##
#...........# #.# .#
##.......#.## #.#
.###### #.#.##..#.# #.#
......########.#.##..#.#
#.#


You could see Terence and a leopard gecko (corona).

Vanquished Creatures
  An ooze (D:2)
  A leopard gecko (D:1)
  A giant cockroach (D:1)
  A goblin (D:2)
  3 hobgoblins (D:1)
  3 jackals (D:2)
  2 quokkas (D:2)
  3 bats (D:1)
  2 frilled lizards (D:1)
  3 kobolds (D:1)
  A rat (D:2)
21 creatures vanquished.

Notes
Turn   | Place    | Note
-------+----------+-------------------------------------------
     0 | D:1      | sahdkjhfkaj the Vampire Wanderer began the quest for the
                  | Orb.
     0 | D:1      | sahdkjhfkaj set off with the following items: a +0 short
                  | sword, a +0 robe, a +0 dagger; and the following spells
                  | available to memorise: Corona, Shock, Ensorcelled
                  | Hibernation, Confusing Touch, Tukima's Dance, Dazzling
                  | Flash, Mephitic Cloud
     0 | D:1      | Reached XP level 1. HP: 17/17 MP: 2/2
     4 | D:1      | Learned a level 1 spell: Corona
    10 | D:1      | Noticed an iguana
    10 | D:1      | Noticed a soldier ant
    11 | D:1      | Noticed a frost giant
   347 | D:1      | Reached XP level 2. HP: 22/24 MP: 3/3
   350 | D:1      | Learned a level 2 spell: Ensorcelled Hibernation
  1220 | D:2      | Found a white marble altar of Elyvilon.
  1395 | D:2      | Reached XP level 3. HP: 23/29 MP: 5/5
  1456 | D:2      | Noticed Terence
  1544 | D:1      | Slain by a leopard gecko

Illustrated notes

Levels and vault maps discovered:
D:1:      onia_arrival_zoo_common, layout_basic
D:2:      layout_basic, old_standard_altar, minmay_tromino_v2, uniq_terence

Skill      XL: |  1 |
---------------+----+-----
Fighting       | 3 |  3.0
Hexes          | 2 |  2.5
Short Blades   | |  0.8
Stealth        | |  4.4
Spellcasting   | |  1.6
Transmutations | |  1.1
Ice Magic      | |  0.6
Evocations     | |  1.0

Action                   || total
-------------------------++-------
Melee: Dagger            ||   127
       Bite              ||     6
 Cast: Corona            ||     6
       Ensorcelled Hiber ||     5
  Use: Scroll            ||     2
 Stab: Sleeping          ||     6
Armor: Robe              ||    22
Dodge: Dodged            ||    95

Table legend: (Time is in decaauts)
 A = Elapsed time spent in this place.
 B = Non-inter-level travel time spent in this place.
 C = Inter-level travel time spent in this place.
 D = Time resting spent in this place.
 E = Time spent auto-exploring this place.
 F = Levels seen in this place.
 G = Mean time per level.
                   A        B        C        D        E       F      G
               +--------+--------+--------+--------+--------+-----+--------+
         Total |   1541 |   1491 |     50 |    182 |    988 |   2 |  770.5 |
       Dungeon |   1541 |   1491 |     50 |    182 |    988 |   2 |  770.5 |
               +--------+--------+--------+--------+--------+-----+--------+

Top non-repeatable levels by time:
     D:1: 1189 daAuts
     D:2: 351 daAuts
